 Seeded DCSS version 0.30.1-4-g462c640d31 (webtiles) character file.

Game seed: 920673320228942481 (custom seed)

820 Psyclone the Stinger (level 7, -6/41 HPs)
             Began as an Octopode Venom Mage on Sept 19, 2023.
             Killed from afar by a white imp (11 damage)
             ... with a puff of frost
             ... on level 5 of the Dungeon.
             The game lasted 00:18:28 (5651 turns).

Psyclone the Stinger (Octopode Venom Mage)          Turns: 5651, Time: 00:18:29

Health: -6/41      AC:  1    Str:  7    XL:     7   Next: 95%
Magic:  16/16      EV: 13    Int: 19    God:
Gold:   1065       SH:  0    Dex: 13    Spells: 5/18 levels left

rFire   + . .        a - staff of fire
rCold   . . .        (no shield)
rNeg    . . .        (helmet restricted)
rPois   .            p - amulet of the acrobat
rElec   .            g - ring of wizardry
rCorr   +            k - ring of resist corrosion
SInv    +            n - ring of see invisible
Will    .....        (no ring)
Stlth   +++          (no ring)
HPRegen 0.26/turn    (no ring)
MPRegen 0.15/turn    (no ring)
                     (no ring)

%: acrobat, wizardry (x1)
@: no status effects
A: almost no armour, amphibious, 8 rings, camouflage 1, gelatinous body 1,
(nimble swimmer 1), tentacles, tentacle spike 1, MP-powered wands
a: no special abilities


You were on level 5 of the Dungeon.
You visited 1 branch of the dungeon, and saw 5 of its levels.

You collected 1303 gold pieces.
You spent 238 gold pieces at shops.

Inventory:

Hand Weapons
 b - a +1 dagger of venom
Magical Staves
 a - a staff of fire (weapon)
Jewellery
 g - a ring of wizardry (left tentacle)
 k - a ring of resist corrosion (right tentacle)
 n - a ring of see invisible (on tentacle)
 p - an amulet of the acrobat (around mantle)
Wands
 m - a wand of flame (14)
 o - a wand of paralysis (3)
Scrolls
 d - 2 scrolls of teleportation
 e - a scroll of amnesia
 r - a scroll of identify {@r1}
 s - a scroll of fear
Potions
 c - a potion of cancellation
 f - a potion of invisibility
 h - a potion of magic
 i - 3 potions of curing
 j - 3 potions of heal wounds
 l - a potion of brilliance
 q - a potion of ambrosia


   Skills:
 - Level 2.0 Dodging
 - Level 2.7 Stealth
 - Level 6.0 Spellcasting
 + Level 4.4 Transmutations
 - Level 6.0 Poison Magic


You had 5 spell levels left.
You knew the following spells:

 Your Spells              Type           Power      Damage    Failure   Level
a - Poisonous Vapours     Pois/Air       34%        N/A       1%          2
d - Mephitic Cloud        Conj/Pois/Air  13%        N/A       6%          3
s - Ignite Poison         Fire/Tmut/Pois 28%        N/A       3%          3
v - Sting                 Tmut/Pois      100%       1d8       1%          1
x - Olgreb's Toxic Radia  Pois           28%        N/A       4%          4

Your spell library contained the following spells:

 Spells                   Type           Power      Damage    Failure   Level
 Foxfire                  Conj/Fire      32%        2x1d5     4%          1
 Kiss of Death            Conj/Necr      20%        2d7       4%          1
 Blink                    Tloc           10%        N/A       7%          2
 Confusing Touch          Hex            5%         N/A       13%         3
 Dazzling Flash           Conj/Hex       10%        N/A       13%         3
 Vampiric Draining        Necr           5%         2d6       13%         3
 Dispel Undead            Necr           5%         3d7       38%         4
 Manifold Assault         Tloc           5%         N/A       38%         4
 Sticky Flame             Conj/Fire      8%         2d3       38%         4
 Borgnjor's Vile Clutch   Necr/Erth      2%         N/A       73%         5
 Fireball                 Conj/Fire      4%         3d4       73%         5
 Plasma Beam              Fire/Air       4%         2x1d15    99%         6
 Starburst                Conj/Fire      4%         6d3       99%         6
 Storm Form               Tmut/Air       7%         N/A       100%        7
 Borgnjor's Revivificati  Necr           2%         N/A       100%        8
 Ignition                 Fire           4%         3d4       100%        8


Dungeon Overview and Level Annotations

Branches:
Dungeon (5/15) Zot: 24346
 Temple: D:4-7

Altars:

Shops:
D:3 *:

Annotations:
D:2 1 runed translucent door, 1 exclusion, Crazy Yiuf


Innate Abilities, Weirdness & Mutations

You cannot wear most types of armour.
You are amphibious.
You can wear up to eight rings at the same time.
Your skin changes colour to match your surroundings (Stealth+).
Your rubbery body absorbs attacks. (AC +1, EV +1)
((You are camouflaged when in or above water. (Stealth+)))
You have tentacles for arms and can constrict up to eight enemies at once.
One of your tentacles bears a spike.
You expend magic power (3 MP) to strengthen your wands.


Message History

d - 2 scrolls of teleportation (gained 1)
Found a stone staircase leading up.
You now have 1065 gold pieces (gained 12).
Found a potion of degeneration and a whip.
s - a scroll of fear
j - 3 potions of heal wounds (gained 1)
You open the door.
An orc and a white imp come into view.
The white imp shouts!
The orc shouts!
The white imp hits you. The white imp freezes you.
There is an open door here.
You take 7 damage, and have 34/41 hp.
You hit the white imp but do no damage. Your grab misses the white imp.
You pierce the white imp, but do no damage.
Your squeeze misses the white imp. The white imp hits you.
The white imp freezes you.
You take 5 damage, and have 29/41 hp.
You hit the white imp but do no damage. Your grab misses the white imp.
The orc hits you with a +0 short sword. The white imp completely misses you.
You take 1 damage, and have 28/41 hp.
You barely miss the orc. You grab the orc. You constrict the orc.
The white imp hits you. The white imp freezes you. The orc barely misses you.
You take 3 damage, and have 25/41 hp.
You closely miss the white imp. Your grab misses the white imp.
You constrict the orc. The orc barely misses you. The white imp hits you.
The white imp freezes you.
You take 5 damage, and have 20/41 hp.
You barely miss the white imp. You grab the white imp.
You squeeze the white imp.
The white imp is heavily wounded.
You constrict the orc.
You constrict the white imp, but do no damage.
The white imp gestures at you. The puff of frost hits you!
* * * LOW HITPOINT WARNING * * *
The orc hits you with a +0 short sword.
* * * LOW HITPOINT WARNING * * *
The white imp gestures at you. The puff of frost hits you!
You die...

## #..# #.#
#..# #..# #..#
+...# #..#
#....##..#
#.....#..#
#...o#..#
#..5@..#
##..#..#
##.#..# ###..#
##..#
####+####...#
............#
.........#..#
...##.......##


You could see a white imp and an orc.

Vanquished Creatures
  Sigmund (D:4)
  A water moccasin (D:4)
  A black bear (D:4)
  Blork the orc (D:4)
  2 scorpions (D:4)
  A hound (D:4)
  Natasha (thrice) (D:2)
  An orc wizard (D:4)
  Robin (D:4)
  3 gnolls (D:5)
  3 adders
  A worm (D:3)
  2 dart slugs
  6 orcs (D:4)
  7 endoplasms
  2 giant cockroaches
  9 goblins
  7 hobgoblins
  2 quokkas
  9 ball pythons
  4 bats
  7 kobolds
  4 rats
78 creatures vanquished.

Notes
Turn   | Place    | Note
-------+----------+-------------------------------------------
     0 | D:1      | Psyclone the Octopode Venom Mage began the quest for the
                  | Orb.
     0 | D:1      | Reached XP level 1. HP: 11/11 MP: 3/3
    64 | D:1      | Identified 3 scrolls of acquirement
    64 | D:1      | Acquired an Everburning Encyclopedia
    66 | D:1      | Acquired a book of Fire
    67 | D:1      | Acquired 1095 gold pieces
   613 | D:1      | Reached XP level 2. HP: 17/17 MP: 1/5
  1403 | D:2      | Learned a level 2 spell: Poisonous Vapours
  1485 | D:2      | Found a runed translucent door.
  1858 | D:2      | Reached XP level 3. HP: 21/21 MP: 1/6
  1952 | D:2      | Reached skill level 5 in Poison Magic
  2061 | D:2      | Noticed Natasha
  2067 | D:2      | Learned a level 3 spell: Ignite Poison
  2079 | D:2      | Gained mutation: One of your tentacles bears a spike.
                  | [potion of mutation]
  2079 | D:2      | Gained mutation: You expend magic power (3 MP) to
                  | strengthen your wands. [potion of mutation]
  2082 | D:2      | Killed Natasha
  2188 | D:2      | Reached XP level 4. HP: 27/27 MP: 1/7
  2323 | D:2      | Noticed Natasha
  2325 | D:2      | Killed Natasha
  2494 | D:2      | Noticed Crazy Yiuf
  2598 | D:2      | Noticed Natasha
  2613 | D:2      | Killed Natasha
  2931 | D:3      | Found Xyxiz's Assorted Antiques.
  2938 | D:3      | Reached XP level 5. HP: 31/31 MP: 4/9
  2985 | D:3      | Bought a blue potion for 20 gold pieces
  2985 | D:3      | Bought a murky purple potion for 20 gold pieces
  2985 | D:3      | Bought a scroll labelled ZADIREE CYCED for 23 gold pieces
  2985 | D:3      | Bought a fizzy white potion for 20 gold pieces
  2985 | D:3      | Bought a notched agate ring for 115 gold pieces
  2985 | D:3      | Bought a purple potion for 20 gold pieces
  2985 | D:3      | Bought a fuming blue potion for 20 gold pieces
  3072 | D:3      | Found Rylak's Book Boutique.
  3091 | D:3      | Learned a level 3 spell: Mephitic Cloud
  3974 | D:4      | Noticed Sigmund
  4019 | D:4      | Killed Sigmund
  4020 | D:4      | Reached XP level 6. HP: 30/36 MP: 0/13
  4127 | D:4      | Noticed a black bear
  4132 | D:4      | Killed a black bear
  4133 | D:4      | Reached skill level 5 in Spellcasting
  4223 | D:4      | Got the Precepts of Hapless Last Rites
  4238 | D:4      | Reached XP level 7. HP: 29/41 MP: 9/15
  4410 | D:4      | Learned a level 4 spell: Olgreb's Toxic Radiance
  4594 | D:4      | Noticed Blork the orc
  4621 | D:4      | Killed Blork the orc
  4805 | D:4      | Noticed Robin
  4810 | D:4      | Killed Robin
  5514 | D:5      | Entered Level 5 of the Dungeon
  5651 | D:5      | Killed from afar by a white imp

Illustrated notes

Levels and vault maps discovered:
D:1:      dpeg_arrival_orchard, layout_basic
D:2:      layout_loops_corners, uniq_natasha, uniq_crazy_yiuf_cottage
D:3:      layout_basic, serial_shops, nicolae_shop_stone, shop
D:4:      layout_basic, nicolae_figureground_sparkle, uniq_sigmund, uniq_robin,
          uniq_blork_the_orc
D:5:      layout_cave_pools, nicolae_ru_path_of_blood, minmay_quadrilaterals,
          uniq_menkaure, uniq_ijyb

Skill      XL: |  1  2  3  4  5  6  7 |
---------------+----------------------+-----
Poison Magic   | 4 5 6 |  6.0
Spellcasting   | 4 5 6 |  6.0
Transmutations | 4 |  4.4
Dodging        | |  2.0
Stealth        | |  2.7

Action                     |  1- 3 |  4- 6 |  7- 9 || total
---------------------------+-------+-------+-------++-------
  Melee: Unarmed           |     7 |    21 |       ||    28
         Constrict         |     1 |     7 |    10 ||    18
         Tentacles         |     1 |     5 |     8 ||    14
         Kick              |       |    12 |    11 ||    23
         Staff             |       |     5 |    28 ||    33
         Punch             |       |     1 |     1 ||     2
   Cast: Sting             |    20 |       |     2 ||    22
         Poisonous Vapours |    16 |    41 |    15 ||    72
         Ignite Poison     |       |     3 |     8 ||    11
         Olgreb's Toxic Ra |       |       |     4 ||     4
    Use: Scroll            |     3 |     7 |       ||    10
         Potion            |     4 |     5 |       ||     9
   Stab: Sleeping          |       |     1 |     1 ||     2
 Armour: Skin              |     4 |     1 |     1 ||     6
  Dodge: Dodged            |     5 |    17 |    18 ||    40
